 Dungeon Crawl Stone Soup version 0.31.0-32-g396128a36d (webtiles) character file.

Game seed: 13977066362698943531

579102 Gabide the Metallomancer (level 24, -4/220 HPs)
             Began as a Demigod Conjurer on Apr 1, 2024.
             Slain by an azure jelly (7 damage)
             ... created by the Royal Jelly
             ... on level 5 of the Pits of Slime on Apr 2, 2024.
             The game lasted 03:40:18 (97173 turns).

Gabide the Metallomancer (Demigod Conjurer)        Turns: 97173, Time: 03:40:19

Health: -4/220     AC:  6    Str:  8    XL:     24   Next: 64%
Magic:  66/87      EV: 19    Int: 55    God:
Gold:   4543       SH:  5    Dex: 12    Spells: 10/67 levels left

rFire   + + +        a - staff of earth
rCold   . . .        R - orb of Lifelessness {mayhem, rElec rF+ Int+3 Stlth+}
rNeg    + . .        z - +2 robe {Will+}
rPois   +            c - +1 hat of Tosav {rF+ rN+ MP+9}
rElec   +            k - +2 cloak {rPois}
rCorr   .            t - +2 pair of gloves
SInv    .            h - +2 pair of boots {Stlth+}
Will    ++++.        g - amulet "Zadoug" {Reflect rPois rF+ Will+ Regen+ SH+5}
Stlth   ++++         d - ring of magical power
HPRegen 1.36/turn    W - ring of magical power
MPRegen 0.50/turn

%: mayhem, reflection
@: brilliant, about to teleport, corroded, hasted, studying Stealth, invisible,
very quick
A: high MP 2, forlorn, divine attributes, horns 1, wild magic 1
}: 3/15 runes: serpentine, barnacled, silver
a: no special abilities


You were on level 5 of the Pits of Slime.
You visited 11 branches of the dungeon, and saw 51 of its levels.
You also visited: Ice Cave and Wizlab.

You collected 8711 gold pieces.
You spent 4168 gold pieces at shops.

Inventory:

Missiles
 b - 11 curare-tipped darts
 T - 7 throwing nets
Armour
 c - the +1 hat of Tosav (worn) {rF+ rN+ MP+9}
   (You acquired it on level 4 of the Lair of Beasts)

   rF+:       It protects you from fire.
   rN+:       It protects you from negative energy.
   MP+9:      It affects your magic capacity (+9).
 h - a +2 pair of boots of stealth (worn)
 j - a scarf of harm
 k - a +2 cloak of poison resistance (worn)
 n - the +0 helmet "Xoebixon" {Will+ Dex+6}
   (You found it on level 5 of the Lair of Beasts)

   Dex+6:     It affects your dexterity (+6).
   Will+:     It increases your willpower.
 t - a +2 pair of gloves (worn)
 w - +0 steam dragon scales
 z - a +2 robe of willpower (worn)
 J - the +2 helmet "Yvahin" {Harm Int+4}
   (You bought it in a shop on level 2 of the Orcish Mines)

   Int+4:     It affects your intelligence (+4).
   Harm:      It increases damage dealt and taken.
 R - the orb of Lifelessness (worn) {mayhem, rElec rF+ Int+3 Stlth+}
   (You took it off a deep elf high priest on level 3 of the Elven Halls)

   Int+3:     It affects your intelligence (+3).
   rF+:       It protects you from fire.
   rElec:     It insulates you from electricity.
   Stlth+:    It makes you more stealthy.
 Y - quicksilver dragon scales
Magical Staves
 a - a staff of earth (weapon)
Jewellery
 d - a ring of magical power (left hand)
 g - the amulet "Zadoug" (around neck) {Reflect rPois rF+ Will+ Regen+ SH+5}
   (You found it on level 3 of the Depths)

   [amulet of reflection]

   Reflect:   It reflects blocked missile attacks.
   rF+:       It protects you from fire.
   rPois:     It protects you from poison Will+: It increases your willpower.
   Regen+:    It increases your rate of health regeneration.
   SH+5:      It affects your SH (+5).
 m - a +6 ring of intelligence
 q - a ring of the Octopus King {rC+ HP+2 AC+2 EV+2 SH+2}
   (You took it off a deep elf pyromancer on level 3 of the Elven Halls)

   [ring of protection from cold]

   AC+2:      It affects your AC (+2).
   EV+2:      It affects your evasion (+2).
   rC+:       It protects you from cold.
   HP+2:      It affects your health (+2).
   SH+2:      It affects your SH (+2).
 r - a ring of see invisible
 u - the ring "Monki" {rElec rPois rF+}
   (You took it off a deep elf master archer on level 3 of the Elven Halls)

   [ring of protection from fire]

   rF+:       It protects you from fire.
   rElec:     It insulates you from electricity.
   rPois:     It protects you from poison
 E - a ring of flight
 Q - the ring "Bononal" {rPois rF+ rN+ Str+2 Dex-2}
   (You found it on level 2 of the Shoals)

   [ring of protection from fire]

   Str+2:     It affects your strength (+2).
   Dex-2:     It affects your dexterity (-2).
   rF+:       It protects you from fire.
   rPois:     It protects you from poison rN+: It protects you from negative
   energy.
 V - the ring "Gaykoar" {+Blink rF+ Will- rCorr Int+3}
   (You found it on level 2 of the Vaults)

   [ring of resist corrosion]

   Int+3:     It affects your intelligence (+3).
   rF+:       It protects you from fire.
   Will-:     It decreases your willpower.
   +Blink:    It lets you blink.
   rCorr:     It protects you from acid and corrosion.
 W - a ring of magical power (right hand)
 Z - an amulet of magic regeneration
Wands
 B - a wand of digging (35)
 L - a wand of roots (38)
Scrolls
 f - 20 scrolls of teleportation
 i - a scroll of enchant armour
 p - 3 scrolls of revelation
 H - 8 scrolls of fog
 K - 4 scrolls of blinking
 M - 3 scrolls of amnesia
 O - 8 scrolls of fear
 U - 8 scrolls of poison
Potions
 l - 29 potions of curing
 o - 5 potions of brilliance
 s - 15 potions of haste
 x - 9 potions of enlightenment
 y - a potion of resistance
 A - 3 potions of cancellation
 C - 7 potions of mutation
 D - 16 potions of heal wounds
 F - 6 potions of lignification
 G - 2 potions of might
 N - 4 potions of ambrosia
 S - 2 potions of invisibility
Miscellaneous
 e - a tin of tremorstones (2/2)
 v - a phantom mirror (inert)
 I - a lightning rod (4/4)
 P - a phial of floods
 X - a box of beasts


   Skills:
 + Level 18.8 Fighting
 + Level 15.9 Dodging
 - Level 3.0 Stealth
 * Level 22.0 Spellcasting
 * Level 22.2 Conjurations
 * Level 22.2 Earth Magic


You had 10 spell levels left.
You knew the following spells:

 Your Spells              Type           Power      Damage    Failure   Level
a - Magic Dart            Conj           100%       1d8       1%          1
b - Searing Ray           Conj           100%       2d8       1%          2
c - Bombard               Conj/Erth      100%       9d16      1%          6
d - Iskenderun's Mystic   Conj/Tloc      100%       2d19      1%          4
e - Fulminant Prism       Conj/Alch      75%        3d32      1%          4
f - Borgnjor's Vile Clut  Necr/Erth      88%        N/A       1%          5
g - Leda's Liquefaction   Alch/Erth      88%        N/A       1%          4
h - Lee's Rapid Deconstr  Erth           100%       3d44*     1%          5
i - Swiftness             Air            87%        N/A       1%          3
j - Blink                 Tloc           100%       N/A       1%          2
k - Lehudib's Crystal Sp  Conj/Erth      100%       10d22     1%          8
l - Shatter               Erth           100%       3d71*     3%          9
m - Petrify               Alch/Erth      100%       N/A       1%          4

Your spell library contained the following spells:

 Spells                   Type           Power      Damage    Failure   Level
 Apportation              Tloc           100%       N/A       1%          1
 Foxfire                  Conj/Fire      100%       2x1d9     1%          1
 Necrotise                Necr           100%       1d9       1%          1
 Shock                    Conj/Air       100%       1d9       1%          1
 Sting                    Conj/Alch      100%       1d9       1%          1
 Summon Small Mammal      Summ           100%       N/A       1%          1
 Call Imp                 Summ           100%       N/A       1%          2
 Cigotuvi's Dreadful Rot  Necr/Alch/Air  100%       N/A       1%          2
 Ensorcelled Hibernation  Hex/Ice        100%       N/A       1%          2
 Lesser Beckoning         Tloc           100%       N/A       1%          2
 Mercury Vapours          Alch/Air       100%       N/A       1%          2
 Momentum Strike          Conj/Tloc      100%       3d10      1%          2
 Sublimation of Blood     Necr           87%        N/A       1%          2
 Call Canine Familiar     Summ           87%        N/A       1%          3
 Fugue of the Fallen      Necr           87%        N/A       1%          3
 Gell's Gravitas          Tloc           87%        N/A       1%          3
 Hailstorm                Conj/Ice       100%       3d16      1%          3
 Inner Flame              Hex/Fire       87%        N/A       1%          3
 Mephitic Cloud           Conj/Alch/Air  100%       N/A       1%          3
 Ozocubu's Armour         Ice            87%        N/A       1%          3
 Sigil of Binding         Hex            87%        N/A       1%          3
 Stone Arrow              Conj/Erth      100%       3d13      1%          3
 Summon Ice Beast         Ice/Summ       87%        N/A       1%          3
 Teleport Other           Tloc           87%        N/A       1%          3
 Tukima's Dance           Hex            87%        N/A       1%          3
 Vampiric Draining        Necr           87%        2d12      1%          3
 Animate Armour           Summ/Erth      100%       N/A       1%          4
 Flame Wave               Conj/Fire      100%       2d21      1%          4
 Arcjolt                  Conj/Air       75%        1d85      1%          5
 Freezing Cloud           Conj/Ice/Air   67%        6-21      1%          5
 Irradiate                Conj/Alch      75%        3d36      1%          5
 Iskenderun's Battlesphe  Conj           100%       2d15      1%          5
 Conjure Ball Lightning   Conj/Air       75%        3x3d28    1%          6
 Starburst                Conj/Fire      75%        6d19      1%          6
 Airstrike                Air            43%        2d(7-23)  3%          4
 Anguish                  Hex/Necr       43%        N/A       3%          4
 Animate Dead             Necr           87%        N/A       3%          4
 Dimensional Bullseye     Hex/Tloc       43%        N/A       3%          4
 Dispel Undead            Necr           87%        3d28      3%          4
 Ignite Poison            Fire/Alch      87%        N/A       3%          4
 Manifold Assault         Tloc           87%        N/A       3%          4
 Martyr's Knell           Necr/Summ      87%        N/A       3%          4
 Olgreb's Toxic Radiance  Alch           87%        N/A       3%          4
 Passage of Golubria      Tloc           87%        N/A       3%          4
 Sticky Flame             Fire/Alch      87%        2d13      3%          4
 Summon Blazeheart Golem  Fire/Summ      87%        N/A       3%          4
 Vhi's Electric Charge    Tloc/Air       100%       N/A       3%          4
 Spellforged Servitor     Conj/Summ      75%        N/A       3%          7
 Curse of Agony           Necr           87%        N/A       8%          5
 Metabolic Englaciation   Hex/Ice        43%        N/A       8%          5
 Silence                  Hex/Air        43%        N/A       8%          5
 Summon Forest            Summ/Tloc      43%        N/A       8%          5
 Summon Mana Viper        Hex/Summ       87%        N/A       8%          5
 Yara's Violent Unravell  Hex/Alch       43%        3d17      8%          5
 Death Channel            Necr           43%        N/A       36%         6
 Eringya's Noxious Bog    Alch           43%        4d6       36%         6
 Plasma Beam              Fire/Air       43%        2x1d57    36%         6
 Sculpt Simulacrum        Ice/Alch       43%        N/A       36%         6
 Summon Cactus Giant      Summ           43%        N/A       36%         6
 Malign Gateway           Summ/Tloc      43%        N/A       88%         7
 Summon Hydra             Summ           43%        N/A       88%         7
 Chain Lightning          Conj/Air       75%        3d100     93%         9
 Fire Storm               Conj/Fire      75%        8d19      93%         9
 Borgnjor's Revivificati  Necr           43%        N/A       100%        8
 Disjunction              Tloc           43%        N/A       100%        8
 Ignition                 Fire           43%        3d13      100%        8
 Summon Horrible Things   Summ           43%        N/A       100%        8


Dungeon Overview and Level Annotations

Branches:
Dungeon (15/15)            Temple (1/1) D:6            Lair (5/5) D:11
 Shoals (4/4) Lair:3        Snake (4/4) Lair:2        Slime (5/5) Lair:5
    Orc (2/2) D:10            Elf (3/3) Orc:2        Vaults (5/5) D:14
  Crypt (3/3) Vaults:2       Tomb (0/3) Crypt:3      Depths (4/4) D:15
    Zot (0/5) Depths:4      IceCv (visited)          WizLab (visited)

Shops:
D:1 !   D:4 (   D:6 !   Orc:2 [*:(   Elf:2 ***   Shoals:4 *   Vaults:1 :
Vaults:3 !   Vaults:5 :?=?!=!   Depths:1 (

Portals:
Hell: Depths:1 Depths:2 Depths:3 Depths:4
Abyss: Depths:2 Depths:3 Depths:4
Pandemonium: Depths:2 Depths:4
Ziggurat: Depths:2

Annotations:
D:12 1 transporter
Shoals:2 2 transporters, ghwc's ghost, adept DsCA
Slime:5 Royal Jelly
Crypt:1 1 transporter


Innate Abilities, Weirdness & Mutations

You have a considerably increased reservoir of magic. (+20% MP)
You shall have no god before yourself.
Your divine heritage dramatically boosts your attributes as you level up.
You have a pair of small horns on your head.
Your spells are a little harder to cast, but a little more powerful.


Message History

The azure jelly hits you. x2
Unknown command.
Casting: Shatter (dangerous; 3% risk of failure)
Confirm with . or Enter, or press ? or * to list all spells.
You feel a strong surge of power!
The dungeon rumbles!
The acid blob is heavily wounded.
The azure jelly is severely wounded.
The Royal Jelly is severely wounded.
The acid blob is heavily wounded.
You kill the quicksilver ooze!
That felt strangely unrewarding.
The azure jelly is almost dead.
You kill the rockslime!
That felt strangely unrewarding.
You kill the quicksilver ooze!
That felt strangely unrewarding.
The Royal Jelly shudders violently.
The Royal Jelly spits out four more jellies.
The azure jelly misses you. The azure jelly hits you!
The azure jelly freezes you!! The azure jelly hits you.
The azure jelly misses you. The Royal Jelly hits you!!
* * * LOW HITPOINT WARNING * * *
You are splashed with acid.
* * * LOW HITPOINT WARNING * * *
The Royal Jelly hits you but does no damage.
The acid blob closely misses you. The acid blob spits acid at you.
The splash of acid hits you!
* * * LOW HITPOINT WARNING * * *
The Royal Jelly attacks as it pursues you!
The Royal Jelly closely misses you. The Royal Jelly hits you!
* * * LOW HITPOINT WARNING * * *
You are splashed with acid!
* * * LOW HITPOINT WARNING * * *
The acid blob spits acid at you. The splash of acid hits you!!
* * * LOW HITPOINT WARNING * * *
The acid corrodes you!
The azure jelly attacks as it pursues you!
The azure jelly hits you!
You die...

#.......................
####.......................
#.#........................
#..........................
#.........................J
#.........................J
#..........................
#.....................#....
##........J@..........#####.
##.......J.J...........##,*#.
#........J.JJ.........##?!,##
###........JJJ........###/:?##.
#.....................##)/[)?#.
###...................##$?[)##.
*#..................####!!#/##
#...................#########.
###....................#...#..


You could see the Royal Jelly, 4 acid blobs, 3 azure jellies and a quicksilver
ooze.

Vanquished Creatures
  2 dread liches (Crypt:3)
  A royal mummy (Crypt:1)
  The ghost of Roocroe the Impregnable, a veteran MiGl of Hepliaklqana (Crypt:1)
  Vv (Depths:4)
  Bai Suzhen (Elf:3)
  3 caustic shrikes (Depths:4)
  Saint Roka (Orc:2)
  2 golden dragons
  Nikola (Elf:2)
  Jory (Depths:3)
  A walking crystal tome (Depths:2)
  Mlioglotl (Shoals:1)
  8 tentacled monstrosities
  9 liches
  Jorgrun (Shoals:1)
  4 quicksilver dragons
  Asterion (Snake:1)
  5 deep elf blademasters
  2 deep elf master archers (Elf:3)
  8 sphinxes
  6 titans
  8 ancient champions
  20 acid blobs
  2 krakens
  Kirke (D:15)
  7 tengu reavers
  8 shadow dragons
  2 storm dragons
  Aizul (Snake:3)
  15 azure jellies
  Agnes (Snake:4)
  The ghost of Qaruydaq the Gelid, an adept DgIE (Elf:1)
  Donald (Snake:3)
  11 rockslimes
  A draconian monk (Depths:4)
  2 revenants
  13 frost giants
  6 nagarajas
  9 fire giants
  2 iron dragons
  2 balrugs
  15 vault wardens
  10 deep elf sorcerers
  The ghost of Ratuef the Geomancer, an adept GrEE of Vehumet (Shoals:1)
  A juggernaut zombie (Crypt:3)
  11 ghouls
  5 deep elf elementalists (Elf:3)
  2 spriggan defenders
  3 curse skulls
  A reaper (Crypt:3)
  2 orc warlords
  3 demonspawn corrupters (WizLab)
  19 quicksilver oozes
  A caustic shrike skeleton (Crypt:1)
  18 very ugly things
  17 ironbound preservers
  11 formless jellyfish
  17 stone giants
  9 vampire knights
  5 ironbound thunderhulks
  10 deep elf death magi
  6 deep elf demonologists (Elf:3)
  2 deep elf annihilators
  3 yellow draconians (Depths:4)
  2 red draconians (Depths:4)
  A black draconian (Depths:4)
  10 eidola
  5 spark wasps
  8 dire elephants
  14 ettins
  A blizzard demon (Depths:3)
  6 jiangshi
  6 merfolk impalers (Shoals:4)
  5 fire dragons
  4 merfolk javelineers
  18 yaktaur captains
  The ghost of MineralWater the Brawler, a journeyman TrFi of the Shining One (Orc:1)
  7 great orbs of eyes
  9 deep elf high priests
  5 rakshasas
  2 elf skeletons
  6 ice dragons
  28 vault guards
  A peacekeeper (Vaults:2)
  A caustic shrike simulacrum (IceCv)
  11 hydras
  5 salamander tyrants
  An ogre mage (Vaults:5)
  14 anacondas
  3 centaur warriors
  2 merfolk avatars
  2 spriggan air magi
  A catoblepas (D:14)
  A sphinx zombie (Crypt:3)
  4 boulder beetles
  12 ironbound frosthearts
  5 merfolk aquamancers
  7 two-headed ogres
  30 dancing weapons
  A titan zombie (Vaults:4)
  The ghost of nitefall the Cleaver, a novice MiBe of Trog (D:8)
  4 death knights
  2 satyrs
  A quicksilver ooze zombie (Crypt:2)
  4 tengu warriors
  7 deep troll shamans
  A death yak (Lair:3)
  21 naga warriors
  7 spriggan berserkers
  9 deep troll earth magi
  A hell hog (Depths:1)
  7 vampire magi
  3 orc high priests
  The ghost of pretsel the Mimic, a novice DrSh of the Shining One (D:9)
  15 naga sharpshooters
  6 occultists
  Sonja (Orc:1)
  A storm dragon zombie (Depths:2)
  6 shock serpents
  2 shock serpents (shapeshifter) (Vaults:5)
  The ghost of nitefall the Cleaver, a novice MiBe of Trog (D:7)
  5 sun demons
  Nergalle (Lair:3)
  6 hell knights
  4 iron trolls
  13 deep elf knights
  4 shadow wraiths
  2 soul eaters
  2 sixfirhies
  28 skeletal warriors
  A sea snake (shapeshifter) (Vaults:5)
  47 deep trolls
  The ghost of tykejmi the Covert, a novice SpBr (D:8)
  A goliath frog (Lair:5)
  4 skysharks
  A fire crab (shapeshifter) (Depths:3)
  2 skysharks (shapeshifter) (Vaults:5)
  2 shadow demons
  A titan skeleton (Crypt:1)
  6 glowing orange brains
  8 arcanists
  A deep troll (shapeshifter) (Depths:3)
  An orb spider (shapeshifter) (Vaults:5)
  8 salamander mystics
  5 sea snakes
  6 naga ritualists
  10 mana vipers
  6 bog bodies
  A golden dragon skeleton (Depths:2)
  4 flayed ghosts
  An obsidian statue (IceCv)
  11 deep elf archers
  8 lindwurms
  2 sun moths (Shoals:3)
  2 spriggan simulacra (IceCv)
  9 necromancers
  Pikel (D:4)
  14 deep elf pyromancers
  19 harpies
  A shadow dragon zombie (Depths:2)
  14 phantasmal warriors
  24 deep elf zephyrmancers
  38 ugly things
  A steelbarb worm (shapeshifter) (D:15)
  25 ironbound convokers
  An oklob plant (Lair:3)
  3 orc sorcerers
  A wolf spider (shapeshifter) (Vaults:5)
  7 orc knights
  6 cyclopes
  12 fauns
  10 manticores
  6 shining eyes
  31 salamanders
  A worldbinder (WizLab)
  6 guardian serpents
  2 moths of wrath (Elf:1)
  7 elephants
  14 vault sentinels
  34 black mambas
  An eye of devastation (Slime:3)
  12 merfolk sirens
  A smoke demon (Depths:2)
  An ice statue (Shoals:4)
  16 naga magi
  3 water nymphs
  10 cane toads
  An orc zombie (Crypt:1)
  A torpor snail (WizLab)
  A storm dragon simulacrum (Depths:2)
  Maggie (D:6)
  6 swamp worm zombies (Crypt:2)
  An unseen horror (D:11)
  An unseen horror (shapeshifter) (Vaults:5)
  A rime drake (D:11)
  A catoblepas zombie (Crypt:1)
  An orb spider zombie (Crypt:3)
  An iron troll zombie (Crypt:3)
  4 golden dragon simulacra (IceCv)
  3 kobold demonologists
  A pale draconian zombie (Crypt:3)
  3 tengu conjurers
  22 freezing wraiths
  6 komodo dragons
  30 yaktaurs
  3 anaconda simulacra (IceCv)
  2 yaktaur skeletons
  A black draconian skeleton (Crypt:1)
  A minotaur skeleton (Crypt:1)
  2 tyrant leeches (Lair:5)
  3 trolls
  3 hornets (Depths:2)
  2 polar bears (Lair:1)
  9 wind drakes
  28 merfolk
  Grinder (D:6)
  A raiju (shapeshifter) (D:14)
  6 alligator simulacra (IceCv)
  A hydra skeleton (Crypt:1)
  2 raiju (D:9)
  A moth of wrath zombie (Crypt:1)
  A glass eye (shapeshifter) (Vaults:5)
  An ettin zombie (Vaults:4)
  16 blink frogs
  8 dream sheep
  A stone giant simulacrum (Crypt:1)
  A glass eye (Depths:2)
  134 slime creatures
  2 air elementals
  A centaur simulacrum (D:14)
  8 snapping turtles
  A radroach zombie (Crypt:3)
  A vampire (D:9)
  A black mamba zombie (Crypt:1)
  6 wraiths
  4 spriggans
  An ettin skeleton (Vaults:4)
  3 wyverns
  20 water elementals
  A shadow (D:13)
  8 golden eyes
  A yak (shapeshifter) (Vaults:5)
  A fire bat (Depths:1)
  3 dire elephant simulacra (IceCv)
  Grum (D:11)
  51 yaks
  3 basilisks
  3 steam dragons
  A human simulacrum (Vaults:4)
  13 vampire mosquitoes
  4 fire elementals
  A minotaur simulacrum (IceCv)
  12 wargs
  A faun zombie (Crypt:1)
  4 harpy simulacra
  42 nagas
  An acid dragon (D:12)
  A hydra simulacrum (IceCv)
  A two-headed ogre zombie (Crypt:1)
  10 water moccasins
  A faun skeleton (Crypt:2)
  6 ice beasts
  27 orc warriors
  A black bear (D:4)
  12 laughing skulls
  An ettin simulacrum (IceCv)
  7 wolves (D:11)
  7 ogres
  2 boggarts (Elf:1)
  6 centaurs
  3 lemures (D:4)
  A torpor snail zombie (Crypt:3)
  Blork the orc (D:6)
  A yaktaur zombie (Crypt:2)
  15 bullfrogs
  5 kobold brigands
  3 scorpions
  2 earth elementals
  3 deep troll simulacra (IceCv)
  9 necrophages
  A warg skeleton (Crypt:1)
  7 wights (D:6)
  10 killer bees
  3 lindwurm simulacra (IceCv)
  7 electric eels
  9 howler monkeys
  4 jellies
  16 orc priests
  6 bombardier beetles
  A hound (D:5)
  Crazy Yiuf (D:4)
  Natasha (thrice) (D:3)
  A scorpion zombie (Crypt:3)
  2 sleepcaps
  A black bear skeleton (Crypt:3)
  2 iguanas (D:7)
  18 orc wizards
  Robin (D:4)
  3 gnolls (D:6)
  5 adders
  A shadow imp (D:6)
  5 dart slugs
  2 ribbon worms
  64 orcs
  8 endoplasms
  4 giant cockroaches
  8 hobgoblins
  11 jackals
  15 kobolds
  3 quokkas
  9 ball pythons
  6 bats
  5 frilled lizards
  15 goblins
  A goblin skeleton (Crypt:1)
  5 rats
  6 tentacles
2127 creatures vanquished.

Vanquished Creatures (collateral kills)
  Boris (Crypt:3)
  A golden dragon (Depths:4)
  A titan (Vaults:5)
  A tengu reaver (Depths:2)
  A storm dragon (Depths:2)
  A draconian monk (Depths:4)
  An azure jelly (Slime:3)
  A frost giant (Depths:3)
  3 vault wardens
  A spriggan defender (Depths:2)
  2 ghouls (Crypt:3)
  4 ironbound preservers
  6 very ugly things
  2 stone giants (Depths:4)
  A vampire knight (Crypt:3)
  2 dire elephants
  2 spark wasps
  An eidolon (Crypt:2)
  A fire dragon (Depths:4)
  An ice dragon (Depths:4)
  3 vault guards
  A deep troll shaman (Depths:1)
  A vampire mage (Depths:3)
  3 soul eaters
  5 hell knights
  2 iron trolls (Depths:4)
  3 skeletal warriors
  A glowing orange brain (Vaults:4)
  A flayed ghost (Crypt:1)
  12 deep trolls
  2 lindwurms (Vaults:2)
  2 ironbound convokers (Vaults:5)
  A phantasmal warrior (Vaults:5)
  3 ugly things
  A necromancer (Crypt:1)
  A vault sentinel (Vaults:1)
  5 yaktaurs
  A freezing wraith (Crypt:2)
  A swamp worm zombie (Crypt:2)
  A redback zombie (Crypt:3)
  A death drake skeleton (Crypt:2)
  27 slime creatures
  A water elemental (Depths:1)
  A wraith (Crypt:2)
  A tengu zombie (Crypt:2)
  2 dart slug zombies (Crypt:2)
117 creatures vanquished.

Vanquished Creatures (others)
  A golden dragon (Depths:2)
  The ghost of Zoalos the Devastator, a veteran GrEE of Lugonu (Crypt:1)
  A tentacled monstrosity (Depths:2)
  A quicksilver dragon (Vaults:5)
  A shadow dragon (Vaults:5)
  2 ghouls
  2 vault wardens (Vaults:5)
  2 ironbound preservers
  A formless jellyfish (Vaults:4)
  3 very ugly things
  3 dire elephants (Vaults:2)
  An ettin (Depths:3)
  2 vampire magi
  A hell knight (Depths:1)
  3 deep trolls
  A phantasmal warrior (Crypt:2)
  An ironbound convoker (Vaults:4)
  A necromancer (Depths:1)
  5 ugly things
  2 vault sentinels
  A smoke demon (Depths:1)
  A yaktaur (Vaults:1)
  9 slime creatures
  A wraith (Crypt:2)
  A fire bat (Depths:1)
  A human (D:15)
  50 foxfires
  47 fulminant prisms
  12 tentacles
158 creatures vanquished.

Grand Total: 2402 creatures vanquished

Notes
Turn   | Place    | Note
-------+----------+-------------------------------------------
     0 | D:1      | Gabide the Demigod Conjurer began the quest for the Orb.
     0 | D:1      | Reached XP level 1. HP: 14/14 MP: 5/5
   470 | D:1      | Reached XP level 2. HP: 22/22 MP: 4/7
  1296 | D:1      | Found Namuf's Distillery.
  1307 | D:1      | Bought a potion of degeneration for 12 gold pieces
  1570 | D:1      | Learned a level 2 spell: Searing Ray
  2120 | D:2      | Reached XP level 3. HP: 27/27 MP: 5/8
  2254 | D:2      | Reached skill level 1 in Fighting
  3049 | D:3      | Reached XP level 4. HP: 35/35 MP: 2/10
  3913 | D:3      | Noticed Natasha
  3918 | D:3      | Killed Natasha
  3919 | D:3      | Reached XP level 5. HP: 36/41 MP: 4/11
  4201 | D:3      | Noticed Natasha
  4204 | D:3      | Killed Natasha
  4284 | D:3      | Noticed Natasha
  4286 | D:3      | Killed Natasha
  4612 | D:4      | Noticed Robin
  4678 | D:4      | Found Tuwailah's Weapon Boutique.
  4826 | D:4      | Killed Robin
  5108 | D:4      | Found a runed translucent door.
  5109 | D:4      | Noticed Crazy Yiuf
  5222 | D:4      | Reached XP level 6. HP: 49/49 MP: 7/13
  5342 | D:4      | Learned a level 1 spell: Foxfire
  5997 | D:4      | Noticed Pikel
  6173 | D:4      | Killed Pikel
  6174 | D:4      | Reached XP level 7. HP: 57/57 MP: 0/17
  6626 | D:4      | Killed Crazy Yiuf
  6627 | D:4      | Reached skill level 5 in Spellcasting
  6737 | D:5      | Entered Level 5 of the Dungeon
  7423 | D:5      | Reached XP level 8. HP: 63/63 MP: 12/20
  7875 | D:6      | Noticed a two-headed ogre
  8485 | D:6      | Noticed Blork the orc
  8497 | D:6      | Killed Blork the orc
  8852 | D:6      | Noticed Maggie
  8861 | D:6      | Killed Maggie
  8933 | D:6      | Noticed Grinder
  8948 | D:6      | Killed Grinder
  9055 | D:6      | Learned a level 4 spell: Iskenderun's Mystic Blast
  9060 | D:6      | Learned a level 4 spell: Fulminant Prism
  9122 | D:6      | Found a staircase to the Ecumenical Temple.
  9128 | Temple   | Entered the Ecumenical Temple
  9190 | D:6      | Identified the +1 robe "Omnab" {Dex+5}
  9356 | D:6      | Noticed a cyclops
  9365 | D:6      | Reached XP level 9. HP: 71/71 MP: 11/23
  9375 | D:6      | Killed a cyclops
  9694 | D:6      | Killed a two-headed ogre
  9884 | D:6      | Found Apruogai's Distillery.
  9893 | D:6      | Bought a potion of brilliance for 48 gold pieces
  9893 | D:6      | Bought a potion of mutation for 96 gold pieces
  9893 | D:6      | Bought a potion of curing for 36 gold pieces
  9893 | D:6      | Bought a potion of enlightenment for 60 gold pieces
  9893 | D:6      | Bought a potion of curing for 36 gold pieces
  9893 | D:6      | Bought a potion of heal wounds for 60 gold pieces
 10591 | D:7      | Reached skill level 5 in Dodging
 11079 | D:8      | Reached skill level 5 in Fighting
 11209 | D:8      | Identified a scroll of acquirement
 11209 | D:8      | Acquired the Treatise on Gusty Topology
 11466 | D:8      | Found a runed translucent gate.
 11466 | D:8      | Found a runed translucent gate.
 11466 | D:8      | Found a runed translucent gate.
 11470 | D:8      | Noticed nitefall's ghost (novice MiBe)
 11470 | D:8      | Noticed nitefall's ghost (novice MiBe)
 11470 | D:8      | Noticed tykejmi's ghost (novice SpBr)
 11486 | D:8      | Killed nitefall's ghost
 11486 | D:8      | Killed tykejmi's ghost
 11487 | D:8      | Reached XP level 10. HP: 63/81 MP: 11/26
 11655 | D:7      | Killed nitefall's ghost
 12130 | D:9      | Noticed a cyclops
 12136 | D:9      | Killed a cyclops
 12487 | D:9      | Noticed a two-headed ogre
 12500 | D:9      | Killed a two-headed ogre
 12685 | D:9      | Identified the +7 falchion of the Feral God {protect,
                  | Dex+6}
 13058 | D:9      | Reached XP level 11. HP: 50/91 MP: 26/28
 13365 | D:9      | Noticed pretsel's ghost (novice DrSh)
 13366 | D:9      | Found a runed translucent door.
 13405 | D:9      | Killed pretsel's ghost
 13898 | D:9      | Learned a level 6 spell: Bombard
 13975 | D:10     | Entered Level 10 of the Dungeon
 14197 | D:10     | Reached skill level 1 in Earth Magic
 14312 | D:10     | Found a staircase to the Orcish Mines.
 14575 | D:10     | Noticed a two-headed ogre
 14584 | D:10     | Killed a two-headed ogre
 14687 | D:10     | Reached skill level 10 in Conjurations
 14956 | D:11     | Noticed Grum
 14964 | D:11     | Killed Grum
 15132 | D:11     | Reached skill level 10 in Spellcasting
 15600 | D:11     | Noticed a two-headed ogre
 15608 | D:11     | Killed a two-headed ogre
 15786 | D:11     | Found a staircase to the Lair.
 16104 | Lair:1   | Entered Level 1 of the Lair of Beasts
 16234 | Lair:1   | Reached XP level 12. HP: 101/101 MP: 24/31
 16709 | Lair:1   | Noticed a six-headed hydra
 16716 | Lair:1   | Killed a six-headed hydra
 17649 | Lair:2   | Reached skill level 5 in Earth Magic
 18381 | Lair:2   | Noticed a five-headed hydra
 18395 | Lair:2   | Killed a five-headed hydra
 18422 | Lair:2   | Noticed a five-headed hydra
 18430 | Lair:2   | Killed a five-headed hydra
 18711 | Lair:2   | Found a staircase to the Snake Pit.
 19336 | Lair:3   | Noticed a five-headed hydra
 19340 | Lair:3   | Killed a five-headed hydra
 19795 | Lair:3   | Noticed Nergalle
 19799 | Lair:3   | Killed Nergalle
 20310 | Lair:3   | Found a staircase to the Shoals.
 20989 | Lair:4   | Reached XP level 13. HP: 96/108 MP: 2/33
 22872 | Lair:4   | Acquired the +1 hat of Tosav {rF+ rN+ MP+9}
 23205 | Lair:5   | Entered Level 5 of the Lair of Beasts
 23426 | Lair:5   | Found a staircase to the Slime Pits.
 24467 | Lair:5   | Reached skill level 10 in Earth Magic
 24693 | Lair:5   | Got the Vellum of the Viperous Map
 24702 | Lair:5   | Identified the +0 helmet "Xoebixon" {Will+ Dex+6}
 25508 | D:6      | Bought a potion of haste for 120 gold pieces
 25508 | D:6      | Bought a potion of haste for 120 gold pieces
 25508 | D:6      | Bought 2 potions of ambrosia for 192 gold pieces
 25731 | D:1      | Bought a potion of curing for 36 gold pieces
 25731 | D:1      | Bought a potion of mutation for 96 gold pieces
 25731 | D:1      | Bought 2 potions of heal wounds for 120 gold pieces
 25731 | D:1      | Bought a potion of curing for 36 gold pieces
 25731 | D:1      | Bought a potion of haste for 120 gold pieces
 26484 | D:12     | Found a transporter.
 26492 | D:12     | Found a transporter.
 26835 | D:12     | Found a transporter.
 26838 | D:12     | Found a transporter.
 27088 | D:12     | Found a transporter.
 27093 | D:12     | Found a transporter.
 27715 | D:13     | Reached XP level 14. HP: 83/118 MP: 35/35
 29599 | D:14     | Identified the +0 ring mail of Decompression {rF++}
 29804 | D:14     | Identified the +0 ring mail of the Garden {Fly rC- Int-5
                  | SInv}
 30046 | D:14     | Found a gate to the Vaults.
 30240 | D:15     | Entered Level 15 of the Dungeon
 30766 | D:15     | Noticed Kirke
 30776 | D:15     | Killed Kirke
 31701 | D:15     | Found a staircase to the Depths.
 31854 | Orc:1    | Entered Level 1 of the Orcish Mines
 31858 | Orc:1    | Noticed Sonja
 31983 | Orc:1    | Killed Sonja
 32339 | Orc:1    | Reached skill level 10 in Dodging
 32475 | Orc:1    | Found a runed translucent door.
 32475 | Orc:1    | Noticed MineralWater's ghost (journeyman TrFi)
 32483 | Orc:1    | Killed MineralWater's ghost
 32489 | Orc:1    | Identified the staff of Youthful Indiscretion {^Fragile
                  | +Blink rC+ rCorr SInv Ice}
 32739 | Orc:2    | Entered Level 2 of the Orcish Mines
 33728 | Orc:2    | Noticed Saint Roka
 33736 | Orc:2    | Killed Saint Roka
 34324 | Orc:2    | Reached XP level 15. HP: 126/126 MP: 24/37
 34469 | Orc:2    | Found Toiset's Antique Armour Emporium.
 34481 | Orc:2    | Found Pezas's Book Emporium.
 34485 | Orc:2    | Found Ceffek's Antique Weapon Emporium.
 34610 | Orc:2    | Found a staircase to the Elven Halls.
 34755 | Orc:2    | Found Cauhenum's General Store.
 34818 | Orc:2    | Bought a jewelled helmet for 285 gold pieces
 34818 | Orc:2    | Identified the +2 helmet "Yvahin" {Harm Int+4} (You bought
                  | it in a shop on level 2 of the Orcish Mines)
 34828 | Orc:2    | Bought a distressingly furry leather armour for 210 gold
                  | pieces
 34828 | Orc:2    | Identified the +2 leather armour "Odaovig" {rElec rF+} (You
                  | bought it in a shop on level 2 of the Orcish Mines)
 35283 | Orc:2    | Bought a potion of haste for 150 gold pieces
 35283 | Orc:2    | Bought a scroll of teleportation for 45 gold pieces
 35487 | Shoals:1 | Entered Level 1 of the Shoals
 35984 | Shoals:1 | Found a runed translucent door.
 36004 | Shoals:1 | Noticed Ratuef's ghost (adept GrEE)
 36004 | Shoals:1 | Identified the +7 rapier of the Ageing Saviour {chaos,
                  | ^Drain rCorr Str+5}
 36270 | Shoals:1 | Killed Ratuef's ghost
 36393 | Shoals:1 | Noticed Jorgrun
 36398 | Shoals:1 | Killed Jorgrun
 36537 | Shoals:1 | Reached skill level 10 in Fighting
 36673 | Shoals:1 | Noticed a kraken
 36687 | Shoals:1 | Killed a kraken
 36831 | Shoals:1 | Noticed Mlioglotl
 37334 | Shoals:1 | Killed Mlioglotl
 38235 | Shoals:2 | Identified the ring "Bononal" {rPois rF+ rN+ Str+2 Dex-2}
 38350 | Shoals:2 | Found a transporter.
 38360 | Shoals:2 | Noticed ghwc's ghost (adept DsCA)
 38373 | Shoals:2 | Found a transporter.
 40301 | Shoals:4 | Entered Level 4 of the Shoals
 40333 | Shoals:4 | Found a glacial archway.
 40356 | IceCv    | Entered an ice cave
 40699 | IceCv    | Reached XP level 16. HP: 135/135 MP: 35/39
 41350 | IceCv    | Noticed a lich
 41357 | IceCv    | Killed a lich
 41563 | IceCv    | Got Unuamiq's Spellbook of Vile Hypothermia
 42318 | Shoals:4 | Found Plog's General Store.
 42326 | Shoals:4 | Bought a potion of haste for 150 gold pieces
 42464 | Shoals:4 | Identified the +11 morningstar of Cheibriados, Winnowing
                  | {drain, rElec Str+5}
 43145 | Shoals:4 | Learned a level 5 spell: Borgnjor's Vile Clutch
 43150 | Shoals:4 | Learned a level 4 spell: Leda's Liquefaction
 43156 | Shoals:4 | Learned a level 5 spell: Lee's Rapid Deconstruction
 43160 | Shoals:4 | Learned a level 3 spell: Swiftness
 43196 | Shoals:4 | Noticed a kraken
 43206 | Shoals:4 | Killed a kraken
 43474 | Shoals:4 | Got a barnacled rune of Zot
 44353 | Snake:1  | Entered Level 1 of the Snake Pit
 45556 | Snake:1  | Noticed Asterion
 45562 | Snake:1  | Killed Asterion
 45597 | Snake:1  | Reached skill level 15 in Conjurations
 46155 | Snake:2  | Reached skill level 15 in Earth Magic
 46832 | Snake:2  | Reached skill level 15 in Spellcasting
 47151 | Snake:2  | Reached XP level 17. HP: 107/146 MP: 16/41
 48315 | Snake:3  | Identified the +0 leather armour "Yrolayssub" {Dex+3}
 48778 | Snake:3  | Noticed Donald
 48782 | Snake:3  | Killed Donald
 49553 | Snake:3  | Identified the serpent talisman of the Dice {+Blink rElec
                  | rN+ Will-}
 49553 | Snake:3  | Noticed Aizul
 49555 | Snake:3  | Killed Aizul
 50591 | Snake:4  | Entered Level 4 of the Snake Pit
 52365 | Snake:4  | Noticed Agnes
 52370 | Snake:4  | Killed Agnes
 52986 | Snake:4  | Got a serpentine rune of Zot
 53543 | Elf:1    | Entered Level 1 of the Elven Halls
 53606 | Elf:1    | Reached XP level 18. HP: 156/156 MP: 43/43
 53888 | Elf:1    | Found a transporter.
 54072 | Elf:1    | Noticed Qaruydaq's ghost (adept DgIE)
 54713 | Elf:1    | Found a transporter.
 54956 | Elf:1    | Killed Qaruydaq's ghost
 55382 | Elf:2    | Noticed Nikola
 55391 | Elf:2    | Killed Nikola
 55399 | Elf:2    | Paralysed by an air elemental for 1 turns
 55408 | Elf:1    | Paralysed by an air elemental for 1 turns
 55751 | Elf:2    | Found a runed translucent gate.
 55751 | Elf:2    | Found a runed translucent gate.
 55752 | Elf:2    | Found a runed translucent gate.
 55791 | Elf:2    | Identified the +7 quarterstaff of the Grinning Gods {venom,
                  | rPois Stlth+}
 56138 | Elf:2    | Found Ogguhis's Assorted Antiques.
 56194 | Elf:2    | Bought a scroll of teleportation for 102 gold pieces
 56264 | Elf:2    | Found Ranimyf's General Store.
 56266 | Elf:2    | Found Rami's Specific Store.
 56274 | Elf:2    | Bought a potion of curing for 39 gold pieces
 56274 | Elf:2    | Bought a potion of heal wounds for 65 gold pieces
 57429 | Elf:3    | Entered Level 3 of the Elven Halls
 57482 | Elf:3    | Found a magical portal.
 57496 | WizLab   | Entered Alistair's Party Mansion
 58035 | WizLab   | Learned a level 2 spell: Blink
 58377 | WizLab   | Got the Vellum of Weathered Diablerie
 58388 | WizLab   | Acquired 579 gold pieces
 59679 | Elf:3    | Noticed Bai Suzhen
 59679 | Elf:3    | Identified the +3 dire flail of Stickiness {protect, Will+
                  | Dex+3}
 59680 | Elf:3    | Identified the ring "Monki" {rElec rPois rF+}
 59927 | Elf:3    | Killed Bai Suzhen
 60115 | Elf:3    | Identified the orb of Lifelessness {mayhem, rElec rF+ Int+3
                  | Stlth+}
 60121 | Elf:3    | Reached XP level 19. HP: 163/166 MP: 45/45
 60906 | Elf:3    | Identified the +8 flail "Nurch" {venom, Dex+6 Stlth+}
 60906 | Elf:3    | Identified the ring "Biuschebb" {rC- AC+4 Str+10}
 60955 | Elf:3    | Identified the +3 robe of the Iron Devil {Regen+ Int+4}
 61022 | Elf:3    | Found the ring of the Octopus King {rC+ HP+2 AC+2 EV+2
                  | SH+2}
 61403 | Elf:3    | Identified the +5 mace "Cure Zer" {pain, Will+ Str+4}
 61404 | Elf:3    | Identified the staff of Zoyvue {rN+ Will- Dex+4 Necro}
 61410 | Elf:3    | Got Sophisticated Witchcraft
 61930 | Depths:1 | Entered Level 1 of the Depths
 62891 | Depths:1 | Found Ahagoteka's Antique Weapon Shoppe.
 63931 | Depths:1 | Found the +9 sword of Zonguldrok {reap}
 63932 | Depths:1 | Found a gateway to Hell.
 64391 | Depths:2 | Found a one-way gate to the infinite horrors of the Abyss.
 64483 | Depths:2 | Found a one-way gateway to a ziggurat.
 64679 | Depths:2 | You fall into a shaft and drop 2 floors!
 64679 | Depths:4 | Entered Level 4 of the Depths
 65723 | Depths:3 | Reached skill level 15 in Fighting
 66003 | Depths:3 | Identified the +12 war axe "Reosix" {protect, rElec rF- rN+
                  | Str+3}
 66020 | Depths:3 | Reached XP level 20. HP: 178/178 MP: 47/47
 66428 | Depths:3 | Noticed a golden dragon
 66430 | Depths:3 | Killed a golden dragon
 66523 | Depths:3 | Identified the +5 dagger of Ungoykh {antimagic, rF- Will-
                  | Str+7}
 66528 | Depths:3 | Identified the +9 war axe "Bilom" {heavy, rPois rF+}
 66528 | Depths:3 | Identified the amulet "Zadoug" {Reflect rPois rF+ Will+
                  | Regen+ SH+5}
 66753 | Depths:3 | Noticed Jory
 66758 | Depths:3 | Killed Jory
 67675 | Depths:2 | Found a one-way gate leading to the halls of Pandemonium.
 67793 | Depths:2 | Noticed a golden dragon
 67807 | Depths:2 | Killed a golden dragon
 67866 | Depths:2 | Reached skill level 15 in Dodging
 68338 | Depths:2 | Identified the +8 dagger of Causality {vamp, Int+2}
 68341 | Depths:2 | Identified the ring "Hewkas" {rC+ Str-4 Int+2 Dex+3 Stlth+}
 69123 | Depths:2 | Identified the +0 shortbow "Kaytam" {drain, rF+ rC- Str+6}
 69139 | Depths:2 | Learned a level 8 spell: Lehudib's Crystal Spear
 69326 | Depths:2 | Identified the +0 ring mail of the Lizard {rCorr SInv}
 70613 | Depths:4 | Noticed Vv
 71541 | Depths:4 | Noticed a golden dragon
 71549 | Depths:4 | Killed Vv
 71569 | Depths:4 | Killed a golden dragon
 71641 | Depths:4 | Found a gate to the Realm of Zot.
 71727 | Depths:4 | Noticed a caustic shrike
 71727 | Depths:4 | Noticed a caustic shrike
 71728 | Depths:4 | Noticed a caustic shrike
 71962 | Depths:4 | Killed a caustic shrike
 71963 | Depths:4 | Reached XP level 21. HP: 182/185 MP: 49/49
 71970 | Depths:4 | Killed a caustic shrike
 72191 | Depths:4 | Killed a caustic shrike
 73193 | Vaults:1 | Entered Level 1 of the Vaults
 73873 | Vaults:1 | Found Hihyd's Book Boutique.
 76568 | Vaults:2 | Identified the ring "Gaykoar" {+Blink rF+ Will- rCorr
                  | Int+3}
 76775 | Vaults:2 | Identified the +2 ring mail of Ylek {rElec Str+4 Stlth+}
 78169 | Vaults:2 | Found a staircase to the Crypt.
 78639 | Vaults:3 | Found Cisser's Distillery.
 78653 | Vaults:3 | Reached XP level 22. HP: 199/199 MP: 48/52
 78758 | Vaults:3 | Bought a potion of curing for 42 gold pieces
 78758 | Vaults:3 | Bought a potion of cancellation for 112 gold pieces
 78758 | Vaults:3 | Bought a potion of curing for 42 gold pieces
 78758 | Vaults:3 | Bought a potion of haste for 140 gold pieces
 78758 | Vaults:3 | Bought a potion of heal wounds for 70 gold pieces
 78758 | Vaults:3 | Bought a potion of curing for 42 gold pieces
 82655 | Vaults:5 | Entered Level 5 of the Vaults
 82668 | Vaults:4 | Learned a level 9 spell: Shatter
 83244 | Vaults:5 | Reached XP level 23. HP: 170/209 MP: 20/54
 84136 | Vaults:5 | Found Toejatiz's Magic Scroll Boutique.
 84144 | Vaults:5 | Bought a scroll of teleportation for 48 gold pieces
 84144 | Vaults:5 | Bought a scroll of blinking for 120 gold pieces
 84144 | Vaults:5 | Bought a scroll of fear for 64 gold pieces
 84144 | Vaults:5 | Bought a scroll of blinking for 120 gold pieces
 84153 | Vaults:5 | Found Askuizu's Magic Scroll Shoppe.
 84157 | Vaults:5 | Found Beallux's Distillery.
 84158 | Vaults:5 | Bought a scroll of fear for 72 gold pieces
 84158 | Vaults:5 | Bought a scroll of teleportation for 54 gold pieces
 84158 | Vaults:5 | Bought a scroll of teleportation for 54 gold pieces
 84165 | Vaults:5 | Bought a potion of curing for 42 gold pieces
 84165 | Vaults:5 | Bought a potion of haste for 140 gold pieces
 84165 | Vaults:5 | Bought 2 potions of curing for 84 gold pieces
 84165 | Vaults:5 | Bought a potion of curing for 42 gold pieces
 84165 | Vaults:5 | Bought a potion of enlightenment for 70 gold pieces
 84165 | Vaults:5 | Bought a potion of heal wounds for 70 gold pieces
 84165 | Vaults:5 | Bought a potion of cancellation for 112 gold pieces
 84165 | Vaults:5 | Bought 2 potions of mutation for 224 gold pieces
 84235 | Vaults:5 | Found Pymeat's Distillery.
 84278 | Vaults:5 | Bought a potion of haste for 170 gold pieces
 84351 | Vaults:5 | Found Tetwol's Jewellery Shoppe.
 84402 | Vaults:5 | Found Boodoi's Jewellery Shoppe.
 84406 | Vaults:5 | Got a silver rune of Zot
 84544 | Vaults:5 | Found Tary's Book Shoppe.
 85416 | Crypt:1  | Entered Level 1 of the Crypt
 86680 | Crypt:1  | Found a transporter.
 86683 | Crypt:1  | Noticed Zoalos's ghost (veteran GrEE)
 86688 | Crypt:1  | Found a transporter.
 86693 | Crypt:1  | Noticed Roocroe's ghost (veteran MiGl)
 87094 | Crypt:1  | Noticed a royal mummy
 87110 | Crypt:1  | Identified the +1 broad axe of the Equator {flame, rPois
                  | Int-5 Dex+7}
 87601 | Crypt:1  | Killed Zoalos's ghost
 87647 | Crypt:1  | Killed Roocroe's ghost
 88014 | Crypt:1  | Killed a royal mummy
 89425 | Crypt:2  | Identified the +9 scimitar of the Ancient Ships {chaos, rC+
                  | Will- Dex+3}
 89865 | Crypt:3  | Entered Level 3 of the Crypt
 90052 | Crypt:3  | Found a staircase to the Tomb.
 90115 | Crypt:3  | Noticed Boris
 90122 | Crypt:3  | Killed Boris
 90478 | Crypt:3  | Found the +13 scythe of Curses {drain, curses, ^Drain}
 90483 | Crypt:3  | Noticed a dread lich
 90483 | Crypt:3  | Noticed a dread lich
 90485 | Crypt:3  | Killed a dread lich
 90486 | Crypt:3  | Reached XP level 24. HP: 218/218 MP: 55/55
 90487 | Crypt:3  | Killed a dread lich
 90566 | Crypt:3  | Identified the +3 war axe of the Charmed God {drain, MP+9
                  | Dex+4}
 91439 | Crypt:3  | Learned a level 4 spell: Petrify
 91736 | Slime:1  | Entered Level 1 of the Pits of Slime
 93687 | Slime:3  | Gained mutation: You do not regenerate when monsters are
                  | visible. [a shining eye]
 93864 | Slime:2  | Lost mutation: You do not regenerate when monsters are
                  | visible. [potion of mutation]
 93864 | Slime:2  | Gained mutation: You have a considerably increased
                  | reservoir of magic. (+20% MP) [potion of mutation]
 93864 | Slime:2  | Gained mutation: Your spells are a little harder to cast,
                  | but a little more powerful. [potion of mutation]
 93864 | Slime:2  | Gained mutation: You have a pair of small horns on your
                  | head. [potion of mutation]
 95406 | Slime:5  | Entered Level 5 of the Pits of Slime
 95482 | Slime:5  | Noticed the Royal Jelly
 96728 | Slime:5  | Found the +8 frozen axe "Frostbite" {freeze, freezing
                  | cloud, *Noise Fly rC+}
 97173 | Slime:5  | HP: 3/220 [acid blob/splash of acid[the Royal Jelly] (23)]
 97173 | Slime:5  | Slain by an azure jelly

Illustrated notes

Levels and vault maps discovered:
D:1:      tarquinn_simple_flora_water_d, layout_basic, serial_shops,
          nicolae_square_shop, nicolae_the_louvre
D:2:      minmay_door_path, layout_basic,
          hellmonk_ecumenical_altar_inner_sanctum
D:3:      layout_loops_ring, fedhas_altar_fruit_tree, st_stairs_10, uniq_natasha
D:4:      layout_basic, serial_shops, shop, uniq_crazy_yiuf_cottage, uniq_pikel,
          uniq_robin
D:5:      layout_layer_cave, nicolae_overflow_hidden_temple, bloody_makhleb,
          hangedman_decor_clover_reticule
D:6:      layout_basic, kiku_gazebo_pond_becter, minmay_temple_entry_nine_rooms,
          serial_shops, shop, minmay_manual_moon, uniq_grinder,
          uniq_blork_the_orc, uniq_maggie
D:7:      layout_loops_ring
D:8:      layout_loops_ring, kennysheep_mini, gammafunk_ghost_cemetery
D:9:      layout_basic, hellmonk_ghost_happy_afterlife,
          nicolae_have_a_lightning_rod
D:10:     layout_roguey, david_orc_5
D:11:     layout_rooms, hellmonk_lair_entry_icy, serial_bayou_pond_c, uniq_grum
D:12:     nicolae_cairo_tiling_very_big, layout_layer_cave,
          serial_nicolae_subway, nicolae_sub_station_metal,
          nicolae_sub_station_stone, nicolae_sub_station_crystal
D:13:     layout_basic
D:14:     layout_roguey, erik_vaults_1, grunt_gozag_breadcrumbs
D:15:     gammafunk_enter_depths_forms, layout_rooms, serial_park_tiny_1,
          uniq_kirke
Temple:   nicolae_temple_x_marks_the_god
Lair:1:   layout_hall_layers
Lair:2:   layout_cave_pods, alex1729_snake_entry_snake
Lair:3:   layout_regular_city, elwin_shoals_entry_stream,
          hangedman_lair_generics_rect, infiniplex_staircase_pool_2,
          serial_bayou_shore_b, uniq_nergalle
Lair:4:   layout_cellular_growth, grunt_forest_large_clearing_hut,
          grunt_megastairs_1
Lair:5:   minmay_lair_end_frog_pond, layout_cave_shapes,
          minmay_slime_entry_pillars
Shoals:1: layout_shoals, ebering_ghost_xom, uniq_mlioglotl, uniq_jorgrun
Shoals:2: layout_shoals, gammafunk_ghost_berserking_beasts
Shoals:3: argonaut_golden_fleece, layout_shoals, nicolae_shoals_bring_sunscreen
Shoals:4: shoals_end_hangedman, layout_shoals,
          portal_ice_cave_entry_ice_statue_one, serial_shops, shop
Snake:1:  layout_chambers, uniq_asterion
Snake:2:  layout_onion_interference
Snake:3:  layout_layer_cave, uniq_aizul, uniq_donald
Snake:4:  snake_pit, layout_rooms, minmay_snake_pond, lemuel_fruit_tree,
          uniq_agnes
Slime:1:  layout_caves, cheibrodos_slime_lost_civilization_7
Slime:2:  layout_caves
Slime:3:  layout_caves
Slime:4:  layout_caves
Slime:5:  slime_pit
Orc:1:    layout_caves, basic_altar, ebering_ghost_xom,
          nicolae_orc_crystal_seam, uniq_sonja
Orc:2:    grunt_orc_cross, layout_diamond_mine, mumra_transporter_accident
Elf:1:    layout_geoelf_diagonals, gammafunk_ghost_wrathful_warriors,
          hangedman_elf_disciples, lemuel_upstairs_altar, grunt_megastairs_2
Elf:2:    elven_hall_of_blades_hangedman_original [nicolae_blade_lattice],
          layout_rooms, serial_shops, nicolae_shop_statue_plus,
          nicolae_specific_store, serial_sigils_hangedman_stare, uniq_nikola
Elf:3:    grunt_elf_hall_branching, layout_geoelf_castle,
          infiniplex_enter_wizlab_water, uniq_bai_suzhen
Vaults:1: dpeg_vaults_monster_row, vaults_room_pools,
          nicolae_vaults_closet_pinwheel_4, v_pattern_4,
          nicolae_vaults_trapezoid_1, layout_vaults_chaotic_city, serial_shops,
          nicolae_shop_trees
Vaults:2: st_octagons_1, minmay_crypt_entry_necro_gods, hangedman_vaults_impose,
          nicolae_vaults_closet_pinwheel_4, ontoclasm_vaults_decontamination,
          nicolae_vaults_triangles, v_rooms_4, nicolae_vaults_network_s,
          nicolae_vaults_trapezoid_layered, vaults_room_grunt_arrival_ludios,
          nicolae_vaults_double_plus_1, vaults_room_door_hall,
          nicolae_vaults_lightning_bolt, nicolae_vaults_tetromino_Z_1,
          layout_vaults_omnibox
Vaults:3: vaults_mumra_chevron, nicolae_vaults_trapezoid_lopsided_2,
          nicolae_vaults_storage_closets_1, ontoclasm_vaults_hangar,
          vaults_room_hallway, v_misc_9, nicolae_vaults_tetromino_T_1,
          vaults_room_pool, layout_vaults_quadrants, serial_shops, shop
Vaults:4: hangedman_vaults_stitches, hangedman_vaults_maws, v_pattern_1,
          ontoclasm_vaults_chip, hangedman_vaults_unwind,
          nicolae_vaults_diagonal_hallway_8, nicolae_vaults_ring_of_whatevers,
          nicolae_vaults_sealed_display, nicolae_vaults_prndl,
          nicolae_vaults_offset_grid_hallway_2,
          nicolae_vaults_diffraction_hallways, nicolae_vaults_house_2,
          layout_vaults_omnicross
Vaults:5
Crypt:1:  layout_gridlike, nzn_ghost_randoct
Crypt:2:  layout_rooms, serial_library_hellmonk_long_bookcase,
          lemuel_dead_fish_pool
Crypt:3:  david_glass_crypt, layout_misc_corridors,
          tomb_entry_forgotten_bobbens, uniq_boris
Depths:1: layout_cave_pools, hellmouth_1, wad_floor_pattern_1, serial_shops,
          shop, nicolae_dithmenos_through_a_glass_darkly, uniq_saint_roka
Depths:2: little_maze_vault, layout_gridlike, enter_ziggurat_e,
          grunt_metal_band, nicolae_sextant, abyss_entry_small_statue_room,
          grunt_pan_entry_in_and_out, nicolae_kite_square_tiling_tiny
Depths:3: minmay_the_grid_octo_tiled_octocenter [minmay_the_grid_octo_horde,
          minmay_the_grid_octo_teeth, minmay_the_grid_octo_shrine,
          minmay_the_grid_octo_fat_diamond,
          minmay_the_grid_octo_prize_ultimate_mussel_roller,
          minmay_the_grid_square_5x5_forky, minmay_the_grid_square_5x5_inset,
          minmay_the_grid_square_5x5_fat_x, minmay_the_grid_square_5x5_empty],
          layout_gridville, abyss_entry, hangedman_coc_ice_floe, uniq_margery,
          uniq_jory
Depths:4: grunt_x_marks_the_spot, layout_cave_pools, abyss_entry,
          grunt_hell_entry_dis_grunt, grunt_pan_entry_sceptre,
          nicolae_qazlal_scattered_showers, serial_bayou_shore_b, uniq_vv

Skill      XL: |  1  2  3  4  5  6  7  8  9 10 11 12 13 14 15 16 17 18 19 20 21 22 23 24 |
---------------+-------------------------------------------------------------------------+-----
Stealth        | 2 3 |  3.0
Dodging        | 2 3 5 7 9 10 11 12 13 15 | 15.9
Spellcasting   | 2 3 4 5 6 8 9 10 11 12 13 15 16 17 18 19 20 21 22 | 22.0
Fighting       | 1 2 3 5 6 7 8 9 10 11 12 13 15 17 18 | 18.8
Conjurations   | 4 6 7 8 9 10 11 12 13 14 15 16 17 18 19 20 21 22 | 22.2
Earth Magic    | 4 6 11 13 14 15 16 17 18 19 20 21 22 | 22.2

Action                     |  1- 3 |  4- 6 |  7- 9 | 10-12 | 13-15 | 16-18 | 19-21 | 22-24 || total
---------------------------+-------+-------+-------+-------+-------+-------+-------+-------++-------
  Melee: Dagger            |    12 |     4 |     2 |       |       |       |       |       ||    18
         Punch             |     1 |       |       |       |       |       |       |       ||     1
         Short sword       |       |       |     7 |     8 |       |       |       |       ||    15
         Falchion          |       |       |       |    33 |       |       |       |       ||    33
         Staff             |       |       |       |       |    73 |    25 |    18 |    10 ||   126
  Throw: Dart              |       |       |       |       |     5 |    12 |     1 |       ||    18
         Throwing net      |       |       |       |       |       |     1 |       |       ||     1
   Cast: Magic Dart        |    79 |    80 |    14 |     6 |       |     1 |       |       ||   180
         Searing Ray       |     3 |    21 |    57 |    45 |     1 |       |     1 |       ||   128
         Foxfire           |       |    33 |     4 |       |       |       |       |       ||    37
         Iskenderun's Myst |       |       |    14 |   191 |    11 |     5 |     2 |     1 ||   224
         Fulminant Prism   |       |       |    11 |    27 |     7 |     1 |     1 |       ||    47
         Bombard           |       |       |       |    42 |   543 |   520 |   286 |   174 ||  1565
         Borgnjor's Vile C |       |       |       |       |       |    49 |    28 |     3 ||    80
         Lee's Rapid Decon |       |       |       |       |       |    28 |    70 |     9 ||   107
         Lehudib's Crystal |       |       |       |       |       |       |   267 |   363 ||   630
         Shatter           |       |       |       |       |       |       |       |   109 ||   109
  Evoke: Wand              |       |       |       |       |     3 |    16 |     1 |       ||    20
         Lightning rod     |       |       |       |       |       |     3 |     4 |     1 ||     8
         Phantom mirror    |       |       |       |       |       |       |       |     1 ||     1
    Use: Scroll            |     9 |     4 |     6 |     8 |    10 |    10 |     7 |     8 ||    62
         Potion            |       |       |     1 |       |     1 |     5 |     3 |     5 ||    15
   Stab: Paralysed         |       |       |       |       |     8 |       |       |       ||     8
 Armour: Robe              |     6 |    12 |    10 |       |    46 |   165 |   181 |   272 ||   692
         Steam dragon scal |       |       |    23 |   104 |   167 |       |       |       ||   294
  Dodge: Dodged            |    13 |    31 |    28 |   121 |   186 |   120 |   119 |   159 ||   777
  Block: Other             |     5 |    11 |    10 |    38 |    63 |    33 |       |       ||   160
         Reflection        |       |       |       |     2 |     9 |    12 |       |       ||    23
